 Dungeon Crawl Stone Soup version 0.25.1-2-g60ff931df9 (console) character file.

Game seed: 10360469033054896237

17631 Colgate the Grappler (level 12, -4/105 HPs)
             Began as a Troll Fighter on Aug 10, 2020.
             Was an Elder of Fedhas.
             Hit by a javelin thrown by a minotaur (38 damage)
             ... in a Gauntlet on Aug 11, 2020.
             The game lasted 03:08:45 (13381 turns).

Colgate the Grappler (Troll Fighter)               Turns: 13381, Time: 03:08:46

Health: -4/105     AC: 10    Str: 28    XL:     12   Next: 20%
Magic:  15/15      EV: 14    Int:  7    God:    Fedhas [****..]
Gold:   957        SH: 11    Dex: 14    Spells: 11/11 levels left

rFire    . . .     SeeInvis .     - Unarmed
rCold    + . .     Gourm    +   b - +1 kite shield
rNeg     . . .     Faith    .   V - +2 robe {rC+}
rPois    .         Spirit   .   (helmet restricted)
rElec    .         Reflect  .   T - +0 cloak
rCorr    .         Harm     .   (gloves unavailable)
MR       .....     Clarity  +   (boots unavailable) Stlth ++........NoTele +
                                (no amulet)
HPRegen  0.67/turn              F - +4 ring of evasion
MPRegen  0.14/turn              l - ring of the Octopus King {Wiz AC+1 EV+1 Str+1 Int+1 Dex+1}

@: studying Unarmed Combat
A: large, unfitting armour, claws 3, hooves 1, clarity, clever 1, fast
metabolism 3, gourmand, regeneration 1, shaggy fur 1, tough skin 3, evolution 1
a: Wall of Briars, Grow Ballistomycete, Overgrow, Renounce Religion


You were in a Gauntlet.
You worshipped Fedhas.
Fedhas was greatly pleased with you.
You were full.

You visited 2 branches of the dungeon, and saw 13 of its levels.
You also visited: Gauntlet.

You collected 1188 gold pieces.
You spent 231 gold pieces at shops.

Inventory:

Missiles
 a - 4 datura-tipped darts
 d - 6 atropa-tipped darts
 k - 3 throwing nets
 y - 33 poisoned darts
 W - 3 large rocks
 Y - 13 curare-tipped darts (quivered)
Armour
 b - a +1 kite shield (worn)
 E - the +3 robe of Day {Int+4}
   (You found it on level 7 of the Dungeon)

   It affects your intelligence (+4).
 T - a +0 cloak (worn)
 V - a +2 robe of cold resistance (worn)
Jewellery
 e - the ring of the Peculiar Olives {rF+ rN+ Dex+6}
   (You acquired it on level 12 of the Dungeon)

   [ring of dexterity]

   It affects your dexterity (+6).
   It protects you from fire.
   It protects you from negative energy.
 l - a ring of the Octopus King (right claw) {Wiz AC+1 EV+1 Str+1 Int+1 Dex+1}
   (You found it in a Gauntlet)

   [ring of wizardry]

   It improves your spell success rate.
   It affects your AC (+1).
   It affects your evasion (+1).
   It affects your strength (+1).
   It affects your intelligence (+1).
   It affects your dexterity (+1).
 F - a +4 ring of evasion (left claw)
 G - an uncursed ring of ice
 P - the ring of Ylepru {rElec SInv Stlth+}
   (You found it on level 8 of the Dungeon)

   [ring of stealth]

   It insulates you from electricity.
   It lets you see invisible.
   It makes you more stealthy.
 U - an uncursed ring of poison resistance
Wands
 g - a wand of random effects (21)
 j - a wand of iceblast (5)
 B - a wand of acid (5)
 R - a wand of flame (7)
 X - a wand of polymorph (5)
 Z - a wand of digging (6)
Scrolls
 h - a scroll of fear
 r - a scroll of blinking
 u - 3 scrolls of noise
 v - 6 scrolls of remove curse
 w - 3 scrolls of immolation
 A - 2 scrolls of amnesia
Potions
 c - 2 potions of might
 i - 2 potions of heal wounds {unknown}
 m - 2 potions of haste
 o - 9 potions of curing
 s - a potion of berserk rage
 t - 2 potions of invisibility
 x - 3 potions of stabbing
 z - 2 potions of resistance
 C - 2 potions of flight
 H - a potion of cancellation {unknown}
 I - a potion of ambrosia {unknown}
 K - 2 potions of lignification
 Q - 2 potions of magic
Books
 f - a manual of Unarmed Combat
Miscellaneous
 L - a box of beasts
 M - a lightning rod (inert)
 N - a phial of floods (inert)
 O - a tin of tremorstones (inert)


   Skills:
 - Level 3.0 Fighting
 - Level 12.0 Throwing
 - Level 3.1 Dodging
 - Level 1.3 Stealth
 - Level 4.2 Shields
 + Level 12.2 Unarmed Combat
 - Level 3.0 Invocations
 - Level 6.0 Evocations


You had 11 spell levels left.
You didn't know any spells.
Your spell library contained the following spells:

 Spells                   Type           Power        Failure   Level  Hunger
 Animate Skeleton         Necr           N/A          45%         1    ##.....
 Apportation              Tloc           #.....       45%         1    ##.....
 Corona                   Hex            #......      45%         1    ##.....
 Freeze                   Ice            #...         45%         1    ##.....
 Summon Small Mammal      Summ           #...         45%         1    ##.....
 Ensorcelled Hibernation  Hex/Ice        #.....       58%         2    ###....
 Confusing Touch          Hex            #.......     80%         3    ####...
 Dazzling Flash           Conj/Hex       #.....       80%         3    ####...
 Frozen Ramparts          Ice            #.....       80%         3    ####...
 Ozocubu's Armour         Chrm/Ice       #.......     80%         3    ####...
 Tukima's Dance           Hex            #.......     80%         3    ####...
 Hailstorm                Conj/Ice       #.......     99%         4    #####..
 Summon Ice Beast         Ice/Summ       #.......     99%         4    #####..


Dungeon Overview and Level Annotations

Branches:
Dungeon (12/15)            Temple (0/1) D:6            Lair (1/6) D:10
    Orc (0/2) D:11        Gauntlet (1/1)

Altars:
Cheibriados
Dithmenos
Elyvilon
Fedhas
Hepliaklqana
Ru
Vehumet
Wu Jian
Yredelemnul
Zin

Shops:
D:11 *}

Portals:
Trove: D:10 (give +3 storm dragon scales)

Annotations:
Gauntlet 6 transporters, 2 runed translucent doors, exclusion: ice statue


Innate Abilities, Weirdness & Mutations

You are too large for most types of armour.
You have claws for hands.
Your metabolism is lightning-fast.
You like to eat raw meat.
Your natural rate of healing is unusually fast.
You are covered in fur. (AC +1)
You have extremely tough skin. (AC +3)
You have large cloven feet.
You possess an exceptional clarity of mind.
Your mind is acute. (Int +2)
You evolve.


Message History

You see here a javelin.
The minotaur blocks your juvenile stingbat beast's attack.
Your juvenile stingbat beast stings the minotaur but does no damage.
The minotaur hits your juvenile stingbat beast with a +1 flail of protection!!
Your juvenile stingbat beast dies!
Your juvenile stingbat beast's corpse disappears in a puff of smoke!
Press: ? - help, v - describe, . - travel
Here: a minotaur, wielding a +1 flail of protection, wearing a cursed +0 plate armour, wearing a +0 buckler of protection and quivering 3 javelins (heavily wounded, wandering, lightly drained, hasn't noticed you)
The floor.
Evoke which item? (* to show all) (? for menu, Esc to quit)
You open the lid... ...and a juvenile batfire beast flies out!
Your juvenile batfire beast completely misses the minotaur.
The minotaur furiously retaliates!
The minotaur headbutts your juvenile batfire beast, but does no damage.
The minotaur throws a javelin.
The javelin closely misses your juvenile batfire beast.
The javelin pierces through you!!!
You die...
Fedhas appreciates your contribution to the ecosystem.

##### ≈≈≈≈≈ ≈∩≈ ...
###.### .....
#######'#######
#.....(.@.....#
#(###.###.###.#
#.###.###H###.#
#.........H...#
###.###.###.###
#####.###.###.#####
#.....H....(......#
#.8.8.8.©.©.8.8.8.#
#.................#
###################
##
#.......###≈###≈##


You could see a minotaur and a friendly juvenile batfire beast (summoned).

Vanquished Creatures
  Fannar (D:10)
  A two-headed ogre (D:10)
  An ugly thing (D:12)
  A cyclops (D:11)
  2 spiny frogs (Lair:1)
  2 gargoyles (D:12)
  2 centaur skeletons (D:12)
  A rime drake (Gauntlet)
  2 komodo dragons
  A queen bee (Gauntlet)
  2 trolls
  Prince Ribbit (D:7)
  2 hornets
  4 hippogriffs (D:12)
  5 yaks
  2 wyverns
  A hungry ghost (D:12)
  3 wargs (D:10)
  A water moccasin (D:11)
  3 orc warriors
  4 ice beasts
  2 phantoms
  4 sky beasts
  2 necrophages
  6 ogres
  2 crocodiles
  10 centaurs
  6 big kobolds
  9 bullfrogs
  2 gnoll sergeants (D:10)
  4 scorpions
  14 killer bees
  3 howler monkeys (D:10)
  8 crimson imps
  2 bullfrog zombies (D:12)
  2 bullfrog skeletons
  5 hounds
  2 jellies (D:8)
  3 orc priests
  14 orc wizards
  4 iguanas
  14 worker ants
  2 hound zombies
  A hound skeleton (D:11)
  2 worker ant zombies
  12 adders
  14 gnolls
  3 shadow imps
  An ooze (D:2)
  2 adder zombies
  2 adder skeletons
  A worm (D:3)
  7 leopard geckos
  33 orcs
  10 bats
  3 giant cockroaches
  15 goblins
  12 hobgoblins
  15 jackals
  5 quokkas
  3 ball pythons
  7 frilled lizards
  2 gnoll zombies (D:2)
  56 kobolds
  A leopard gecko skeleton (D:5)
  2 quokka zombies (D:7)
  11 rats
382 creatures vanquished.

Vanquished Creatures (collateral kills)
  A hell beast (Gauntlet)
  A two-headed ogre (D:8)
  Sonja (D:12)
  An unseen horror (D:11)
  An ugly thing (D:11)
  A centaur skeleton (D:10)
  A troll (D:10)
  6 yaks
  A centaur (D:8)
  4 killer bees (D:11)
  A jelly (D:8)
  An iguana (D:11)
  6 orcs (D:11)
  A kobold (D:10)
27 creatures vanquished.

Vanquished Creatures (others)
  2 killer bees (D:11)
  A demonic plant (Gauntlet)
  A plant (D:10)
4 creatures vanquished.

Grand Total: 413 creatures vanquished

Notes
Turn   | Place    | Note
-------+----------+-------------------------------------------
     0 | D:1      | Colgate the Troll Fighter began the quest for the Orb.
     0 | D:1      | Reached XP level 1. HP: 22/22 MP: 0/0
   206 | D:1      | Reached XP level 2. HP: 29/29 MP: 1/1
   628 | D:1      | Reached XP level 3. HP: 37/37 MP: 2/2
  1098 | D:2      | Reached skill level 1 in Throwing
  1132 | D:2      | Found a blossoming altar of Fedhas.
  1151 | D:2      | Became a worshipper of Fedhas Madash
  1272 | D:2      | Reached XP level 4. HP: 45/45 MP: 3/3
  1444 | D:2      | Found a basalt altar of Yredelemnul.
  1495 | D:2      | You fall into a shaft and drop 2 floors!
  1568 | D:3      | Reached * piety under Fedhas
  1578 | D:3      | Found an ornate altar of the Wu Jian Council.
  2036 | D:3      | Reached XP level 5. HP: 39/53 MP: 4/4
  2223 | D:3      | Found a hazy altar of Hepliaklqana.
  3118 | D:4      | Reached XP level 6. HP: 61/61 MP: 5/5
  3265 | D:4      | Reached ** piety under Fedhas
  3354 | D:4      | Found a sacrificial altar of Ru.
  3354 | D:4      | Found a snail-covered altar of Cheibriados.
  3355 | D:4      | Found a shadowy altar of Dithmenos.
  3830 | D:4      | Reached skill level 5 in Unarmed Combat
  3991 | D:4      | Reached XP level 7. HP: 67/67 MP: 6/6
  4091 | D:4      | Reached *** piety under Fedhas
  4091 | D:4      | Reached skill level 5 in Throwing
  4826 | D:5      | Entered Level 5 of the Dungeon
  5133 | D:5      | Reached XP level 8. HP: 75/75 MP: 7/7
  5342 | D:5      | You fall into a shaft and drop 2 floors!
  5381 | D:7      | Found a sacrificial altar of Ru.
  5383 | D:7      | Got a shimmering robe
  5394 | D:7      | Identified the +3 robe of Day {Int+4} (You found it on
                  | level 7 of the Dungeon)
  5404 | D:6      | Reached **** piety under Fedhas
  6337 | D:6      | Reached XP level 9. HP: 81/81 MP: 8/8
  6411 | D:6      | Found a staircase to the Ecumenical Temple.
  6770 | D:7      | Reached skill level 10 in Throwing
  6897 | D:7      | Noticed Prince Ribbit
  6898 | D:7      | Reached ***** piety under Fedhas
  6902 | D:7      | Killed Prince Ribbit
  6903 | D:7      | You fall into a shaft and drop 1 floor!
  7055 | D:8      | Got a transparent ivory ring
  7056 | D:8      | Identified the ring of Ylepru {rElec SInv Stlth+} (You
                  | found it on level 8 of the Dungeon)
  7106 | D:8      | Found a radiant altar of Vehumet.
  7147 | D:8      | Reached skill level 1 in Evocations
  7238 | D:8      | Reached XP level 10. HP: 61/91 MP: 10/10
  7338 | D:8      | Found a transporter.
  7352 | D:8      | Found a transporter.
  7372 | D:8      | Found a transporter.
  7405 | D:8      | Found a transporter.
  7407 | D:8      | Found a transporter.
  7410 | D:8      | Noticed a two-headed ogre
  7919 | D:7      | Found a white marble altar of Elyvilon.
  8275 | D:8      | Killed a two-headed ogre
  8310 | D:8      | Reached skill level 1 in Invocations
  8893 | D:9      | Found a glowing silver altar of Zin.
  9108 | D:9      | Reached skill level 1 in Stealth
  9401 | D:10     | Entered Level 10 of the Dungeon
  9804 | D:10     | Found a staircase to the Lair.
 10009 | D:10     | Reached XP level 11. HP: 65/97 MP: 12/12
 10381 | D:10     | Noticed a two-headed ogre
 10400 | D:10     | Killed a two-headed ogre
 10596 | D:10     | Found a portal to a secret trove of treasure.
 10597 | D:10     | Noticed Fannar
 10620 | D:10     | Killed Fannar
 10620 | D:10     | Reached skill level 5 in Evocations
 10920 | D:11     | Found Bev Muga's General Store.
 10926 | D:11     | Bought a scroll of teleportation for 42 gold pieces
 10926 | D:11     | Bought a scroll of magic mapping for 49 gold pieces
 10926 | D:11     | Bought a potion of invisibility for 112 gold pieces
 10926 | D:11     | Bought a scroll of identify for 28 gold pieces
 10935 | D:11     | Gained mutation: You have large cloven feet. [potion of
                  | mutation]
 10935 | D:11     | Gained mutation: You evolve. [potion of mutation]
 10935 | D:11     | Gained mutation: Your mind is acute. (Int +2) [potion of
                  | mutation]
 11048 | D:11     | Noticed an unseen horror
 11112 | D:11     | Killed an unseen horror
 11246 | D:11     | Found a staircase to the Orcish Mines.
 11249 | D:11     | Gained mutation: You possess an exceptional clarity of
                  | mind. [evolution]
 11266 | D:11     | Noticed a green ugly thing
 11283 | D:11     | Killed a green ugly thing
 11661 | D:11     | Found Pota Kusm's Gadget Shoppe.
 11719 | D:11     | Reached skill level 10 in Unarmed Combat
 12185 | D:12     | Noticed Sonja
 12195 | D:12     | Killed Sonja
 12319 | D:12     | Noticed an unseen horror
 12333 | D:12     | an unseen horror changed into a hippogriff
 12498 | D:12     | Identified 2 scrolls of acquirement
 12498 | D:12     | Acquired the ring of the Peculiar Olives {rF+ rN+ Dex+6}
 12502 | D:12     | Acquired a manual of Unarmed Combat
 12569 | D:12     | Noticed a red ugly thing
 12578 | D:12     | Killed a red ugly thing
 12578 | D:12     | Reached XP level 12. HP: 105/105 MP: 15/15
 12892 | Lair:1   | Entered Level 1 of the Lair of Beasts
 12912 | Lair:1   | Found a gate leading to a gauntlet.
 12941 | Gauntlet | Entered a Gauntlet
 12941 | Gauntlet | Found a transporter.
 12941 | Gauntlet | Found a transporter.
 12941 | Gauntlet | Found a runed translucent door.
 12994 | Gauntlet | Found a runed translucent door.
 13061 | Gauntlet | Found a transporter.
 13062 | Gauntlet | Found a transporter.
 13115 | Gauntlet | Found a transporter.
 13115 | Gauntlet | Found a transporter.
 13150 | Gauntlet | Found a transporter.
 13150 | Gauntlet | Found a transporter.
 13151 | Gauntlet | Found a transporter.
 13151 | Gauntlet | Found a transporter.
 13184 | Gauntlet | Noticed a reaper
 13212 | Gauntlet | Found the ring of the Octopus King
 13224 | Gauntlet | Found a transporter.
 13225 | Gauntlet | Noticed a hell beast
 13240 | Gauntlet | Killed a hell beast
 13314 | Gauntlet | Got a ring of the Octopus King
 13322 | Gauntlet | Found a transporter.
 13333 | Gauntlet | Noticed a minotaur
 13338 | Gauntlet | Identified a ring of the Octopus King {Wiz AC+1 EV+1 Str+1
                  | Int+1 Dex+1} (You found it in a Gauntlet)
 13381 | Gauntlet | Hit by a javelin thrown by a minotaur

Illustrated notes

Levels and vault maps discovered:
D:1:      sevenhm_arrival_forest_fort_large_1, layout_basic
D:2:      layout_loops_cross, lemuel_zombie_altar_yredelemnul,
          fedhas_altar_fruit_tree
D:3:      layout_basic, lemuel_doored_altar, nicolae_overflow_hidden_temple,
          minmay_cut_off
D:4:      minmay_goblin_kobold_castle, layout_rooms,
          gammafunk_temple_overflow_claw, first_ration, minmay_goblin_outpost
D:5:      layout_basic, serial_bayou_crossing
D:6:      layout_loops_cross, temple_fountains, kennysheep_another_room
D:7:      minmay_the_grid_four_pointed_star
          [minmay_the_grid_triangle_9x9_checkered,
          minmay_the_grid_triangle_9x9_negative_grid,
          minmay_the_grid_triangle_9x9_corrupted_corridor,
          minmay_the_grid_triangle_9x9_steps,
          minmay_the_grid_prize_shrinking_boxes], layout_rooms,
          elyvilon_altar_3, basic_altar, uniq_prince_ribbit1
D:8:      gammafunk_the_bubble [the_bubble_gammafunk_roulette],
          layout_gridville, vehumet_altar_wand_db
D:9:      layout_loops_corners, nicolae_overflow_crystal_walls
D:10:     layout_grid_maze, erik_lair_orcish_takeover, enter_trove_6,
          uniq_fannar
D:11:     layout_irregular_city, david_orc_2, serial_shops, shop,
          kennysheep_little_box
D:12:     layout_basic, uniq_sonja
Lair:1:   layout_gridlike, gauntlet_entry_generic, beast_lair_carwin_5,
          serial_bayou_shore_b
Gauntlet: minmay_gauntlet_77_indecision [minmay_gauntlet_arena_77_two_lines,
          minmay_gauntlet_arena_77_cramped,
          minmay_gauntlet_arena_77_chump_sandwich, minmay_gauntlet_arena_77_box,
          minmay_gauntlet_arena_77_museum, minmay_gauntlet_arena_77_mess,
          gauntlet_exit_watery]

Skill      XL: |  1  2  3  4  5  6  7  8  9 10 11 12 |
---------------+-------------------------------------+-----
Fighting       | 3 |  3.0
Unarmed Combat | 3 4 5 6 7 8 10 12 | 12.2
Throwing       | 1 2 3 4 7 9 11 12 | 12.0
Evocations     | 2 3 6 |  6.0
Invocations    | 1 3 |  3.0
Dodging        | 3 |  3.1
Stealth        | 1 |  1.3
Shields        | 3 4 |  4.2

Action                   |  1- 3 |  4- 6 |  7- 9 | 10-12 || total
-------------------------+-------+-------+-------+-------++-------
Melee: Unarmed           |    90 |   160 |   327 |   380 ||   957
       Kick              |       |       |       |    58 ||    58
Throw: Stone             |    33 |       |       |       ||    33
       Throwing net      |     1 |     1 |       |     1 ||     3
       Boomerang         |    13 |    70 |    44 |    48 ||   175
       Dart              |       |    94 |    90 |    70 ||   254
       Large rock        |       |       |       |     5 ||     5
Invok: Overgrow          |       |       |       |     4 ||     4
       Wall of Briars    |       |       |       |     4 ||     4
Evoke: Wand              |       |       |    14 |    77 ||    91
       Lightning rod     |       |       |     4 |     6 ||    10
       Tin of tremorston |       |       |     1 |     4 ||     5
       Box of beasts     |       |       |     1 |     7 ||     8
       Phial of floods   |       |       |     1 |     2 ||     3
  Use: Scroll            |       |       |       |    24 ||    24
       Potion            |       |       |       |     1 ||     1
 Stab: Sleeping          |     1 |     1 |     1 |     7 ||    10
       Distracted        |       |       |       |     2 ||     2
       Paralysed         |       |       |       |     2 ||     2
  Eat: Chunk             |    17 |    25 |    30 |    54 ||   126
Armor: Robe              |    17 |    33 |    80 |   109 ||   239
Dodge: Dodged            |    22 |    62 |   134 |   269 ||   487
Block: Kite shield       |    30 |    74 |   137 |   231 ||   472
